 Dungeon Crawl Stone Soup version 0.29.0-4-gdea44cf6ec (webtiles) character file.

Game seed: 3956853891311465137

3 qw the Sneak (level 1, -2/14 HPs)
             Began as a Ghoul Enchanter on Sept 7, 2022.
             Slain by a goblin
             ... wielding a +0 club
              (4 damage)
             ... on level 1 of the Dungeon.
             The game lasted 00:00:08 (372 turns).

qw the Sneak (Ghoul Enchanter)                       Turns: 372, Time: 00:00:09

Health: -2/14      AC:  2    Str: 11    XL:     1   Next: 50%
Magic:  2/2        EV: 12    Int: 10    God:
Gold:   0          SH:  0    Dex:  9    Spells: 3/3 levels left

rFire   . . .      SeeInvis .   a - +1 dagger
rCold   + . .      Faith    .   (no shield)
rNeg    + + +      Spirit   .   b - +0 robe
rPois   inf        Reflect  .   (no helmet)
rElec   .          Harm     .   (no cloak)
rCorr   .          Rampage  .   (no gloves)
Will    .....                   (no boots)
Stlth   ++........              (no amulet)
HPRegen 0.00/turn               (no ring)
MPRegen 0.08/turn               (no ring)

@: inhibited regen
A: claws 1, cold resistance 1, negative energy resistance 3, inhibited
regeneration, torment resistance 2, devour on kill
a: no special abilities


You were on level 1 of the Dungeon.
You visited 1 branch of the dungeon, and saw 1 of its levels.


Innate Abilities, Weirdness & Mutations

You are immune to poison.
You have sharp fingernails.
Your flesh is cold resistant. (rC+)
You are immune to negative energy. (rN+++)
You do not regenerate when monsters are visible.
You are immune to unholy pain and torment.
You thrive by killing the living.


   Skills:
 - Level 0.8 Short Blades
 + Level 0.8 Axes
 - Level 1.7 Dodging
 - Level 3.2 Stealth
 - Level 1.7 Spellcasting
 - Level 2.4 Hexes


You had 3 spell levels left.
You didn't know any spells.
Your spell library contained the following spells:

 Spells                   Type           Power      Damage    Failure   Level
 Ensorcelled Hibernation  Hex/Ice        6%         N/A       30%         2
 Confusing Touch          Hex            5%         N/A       34%         3
 Tukima's Dance           Hex            5%         N/A       34%         3
 Dazzling Flash           Conj/Hex       6%         N/A       52%         3

Inventory:

Hand Weapons
 a - a +1 dagger (weapon)
Armour
 b - a +0 robe (worn)
 d - a +0 ring mail
Potions
 c - 2 potions of invisibility

Dungeon Overview and Level Annotations

Branches:
Dungeon (1/15)

Altars:


Message History

356 ||| Stepping ~*~*~tactically~*~*~ (stealth).
357 ||| Stepping ~*~*~tactically~*~*~ (stealth).
You closely miss the goblin. The bat barely misses you. The goblin misses you.
You barely miss the goblin. The bat hits you but does no damage.
The goblin hits you with a +0 club. The bat hits you but does no damage.
360 ||| Stepping ~*~*~tactically~*~*~ (outnumbered).
The bat misses you.
You closely miss the bat. The bat hits you but does no damage.
You closely miss the frilled lizard. The frilled lizard bites you.
You closely miss the frilled lizard. The frilled lizard closely misses you.
You barely miss the frilled lizard.
The frilled lizard bites you but does no damage.
You barely miss the frilled lizard. The frilled lizard bites you.
You hit the frilled lizard but do no damage.
The frilled lizard bites you.
You closely miss the frilled lizard. The frilled lizard bites you.
You hit the frilled lizard.
You kill the frilled lizard!
You feel better. The bat hits you but does no damage.
You hit the goblin.
The goblin is moderately wounded.
The goblin hits you with a +0 club.
You hit the goblin. Your claw misses the goblin.
The goblin is severely wounded.
The goblin hits you with a +0 club.
You closely miss the goblin.
The goblin is heavily wounded.
The goblin misses you.
You closely miss the goblin.
The goblin is heavily wounded.
The goblin hits you with a +0 club.
You die...

.##......# #......#
.##......###......#
.##...............#
.##...............#
.###########.####.#
#.####.####
#...%[....##
#####......#
#@.##..# ###g##..#
#.......# #.#.###.#
#.#.# #.... #...##
#...# ....#


You could see a goblin.

Vanquished Creatures
  A goblin (D:1)
  A bat (D:1)
  2 frilled lizards (D:1)
4 creatures vanquished.

Notes
Turn   | Place    | Note
-------+----------+-------------------------------------------
     0 | D:1      | qw the Ghoul Enchanter began the quest for the Orb.
     0 | D:1      | Reached XP level 1. HP: 14/14 MP: 2/2
     0 | D:1      | 0 ||| qw: Version: 0.1-a-108-g9e35731
     0 | D:1      | 0 ||| qw: Game counter: 6496
     0 | D:1      | 0 ||| qw: Always use a shield: true
     0 | D:1      | 0 ||| qw: God list: Okawaru
     0 | D:1      | 0 ||| qw: Allow faded altars: false
     0 | D:1      | 0 ||| qw: Do Orc after D:15 true
     0 | D:1      | 0 ||| qw: Do second Lair branch before Depths: true
     0 | D:1      | 0 ||| qw: Lair rune preference: random
     0 | D:1      | 0 ||| qw: Plans: Normal
     0 | D:1      | 0 ||| PLANNING D:1-11
    87 | D:1      | 87 ||| Stepping ~*~*~tactically~*~*~ (stealth).
    89 | D:1      | 89 ||| Stepping ~*~*~tactically~*~*~ (stealth).
   356 | D:1      | 356 ||| Stepping ~*~*~tactically~*~*~ (stealth).
   357 | D:1      | 357 ||| Stepping ~*~*~tactically~*~*~ (stealth).
   360 | D:1      | 360 ||| Stepping ~*~*~tactically~*~*~ (outnumbered).
   370 | D:1      | HP: 2/14 [goblin/+0 club (4)]
   372 | D:1      | Slain by a goblin

Levels and vault maps discovered:
D:1:      minmay_arrival_solitary_statue, layout_basic,
          hellmonk_ecumenical_altar_lost_god, minmay_quantized

Action                   || total
-------------------------++-------
Melee: Dagger            ||    31
Armor: Robe              ||     8
Dodge: Dodged            ||    12

Table legend:
 A = Non-vault XP
 B = Vault XP
 C = Vault XP percentage of total XP
 D = Non-vault monster count
 E = Vault monster count
 F = Vault count percentage of total count
                 A         B        C        D         E       F
            +---------+---------+-------+---------+---------+-------
      Total |       5 |       0 |   0.0 |       4 |       0 |   0.0
            +---------+---------+-------+---------+---------+-------
        D:1 |       5 |       0 |   0.0 |       4 |       0 |   0.0
            +---------+---------+-------+---------+---------+-------
